Unix NetHack Version 5.0.0-0 post-release - last build Jun 10 2026 00:39:30 (3ee93aec679c4c4259841fe613dc97188e26a321,branch:main).

Game began 2026-06-15 13:44:50, ended 2026-06-15 14:11:26.

LDaviesPeters, neutral female human Archeologist

                                                                    -------
       ------       --------     ------              ------         |.....|
       |....|       |.......#   #.....|              |....|         |....(|
       |....|      #.....|.|#   #|....|             #.....|        #-.....|
       |.....#     #|......|#   #|.....             #|`..>|        #|.....|
       ------#     #---.----#   #|....|            ##|....|        #-------
             #     #        #   #|....|            # ----.-        #
             #     # `      #   #--.---#           #     ##        #
             #     ##       #   ## #######         #      ##       #
            ##     #        #    #      ######`   ##       ###     ##
            #     ##        #    #          --.-- #          #      #
            #      #        #    #          |...| #          ####   #
            #      #      ###    #          |...|##     -----.--.---#
            #      #      #------#          +....#      |.....M@f...#
           ## #  # #      #|...).#          |(..|       |..........|
           #--.--+-#      #|..<.|           |...|       |..........|
           #|(....|#      #....^|           -----       |..........|
           #-......#       ----.-                       ------------
            -------

LDaviesPeters the Field Worker  St:13 Dx:9 Co:16 In:14 Wi:18 Ch:9  Neutral
Dlvl:4  $:0  HP:0(44) Pw:23(23) AC:7  Xp:5 T:2515 

Latest messages:
 In what direction? 3
 Status of the floating eye (neutral, small):  Level 2  HP 6(6)  AC 9.
 What do you want to use or apply? [abfgiklpzB or ?*] p
 You now wield a +0 pick-axe.
 In what direction do you want to dig? [479321>] 2
 You start digging.
 You hit the rock with all your might.
 You make an opening in the wall.
 What do you want to wield? [- ap or ?*] a
 a - a +2 bullwhip (weapon in right hand).
 The door resists!
 The door opens.
 You lash the floating eye!
 You are frozen by the floating eye's gaze!
 It bites the floating eye.
 The floating eye is killed!
 Your kitten eats a floating eye corpse.
 The kitten misses the kobold mummy.
 The kitten bites the kobold mummy.
 The kobold mummy hits the kitten.
 The kobold mummy hits!
 The kitten misses the kobold mummy.
 The kitten bites the kobold mummy.
 The kobold mummy hits!
 The kitten bites the kobold mummy.
 The kobold mummy misses the kitten.
 The kobold mummy hits!
 The kitten misses the kobold mummy.
 The kitten misses the kobold mummy.
 The kobold mummy hits!
 The kitten misses the kobold mummy.
 The kitten bites the kobold mummy.
 The kobold mummy hits the kitten.
 The kobold mummy hits!
 The kobold mummy hits!
 The kobold mummy hits!
 The kobold mummy hits!
 The kobold mummy hits!
 The kobold mummy hits!
 The kobold mummy hits!
 The kobold mummy hits!
 The kobold mummy hits!
 The kobold mummy hits!
 The kobold mummy hits!
 The kobold mummy hits!
 The kobold mummy hits!
 The kobold mummy hits!
 The kobold mummy hits!
 You die...
 Do you want your possessions identified? [ynq] (y) q

Inventory:
 Weapons  (')')
  a - a +2 bullwhip (weapon in right hand)
 Armor    ('[')
  C - an uncursed +0 orcish helm (being worn)
  E - an uncursed +0 shield of drain resistance (being worn)
  h - an uncursed +0 leather jacket (being worn)
 Comestibles  ('%')
  d - 8 uncursed food rations
 Scrolls  ('?')
  I - an uncursed scroll of teleportation
 Rings    ('=')
  r - a cursed ring of sustain ability named Cursed
 Wands    ('/')
  z - a wand of fire (0:5)
 Tools    ('(')
  b - an uncursed sack containing 15 items
  k - an uncursed lock pick
  l - an uncursed oil lamp
  p - a +0 pick-axe
  i - an uncursed stethoscope
  f - a tinning kit (0:54)
  B - an uncursed towel
 Gems/Stones  ('*')
  g - an uncursed touchstone

Contents of the sack:
  201 gold pieces
  a cursed scroll of create monster
  an uncursed scroll of create monster
  an uncursed scroll of destroy armor
  an uncursed scroll of fire
  an uncursed scroll of gold detection
  an uncursed scroll of identify
  an uncursed scroll of light
  a cursed scroll of magic mapping
  2 uncursed scrolls of remove curse
  an uncursed potion of water
  2 uncursed potions of healing
  a blessed potion of healing
  a blessed potion of gain energy
  a cursed potion of speed

LDaviesPeters the Archeologist's attributes:

Background:
 You were a Field Worker, a level 5 female human Archeologist.
 You were neutral, nominally on a mission for Camaxtli
 who was opposed by Quetzalcoatl (lawful) and Huhetotl (chaotic).
 You were right-handed.
 You were in the Dungeons of Doom, on level 4.
 You entered the dungeon 2515 turns ago.
 There was a new moon in effect when your adventure ended.
 You had 178 experience points, 142 more were needed to attain level 6.

Basics:
 You had 0 out of 44 hit points.
 You had all 23 energy points (spell power).
 Your armor class was 7.
 Your wallet was empty, but
 you had 201 zorkmids stashed away in your pack.
 Autopickup was off.

Final Characteristics:
 Your strength was 13 (limit:18/100).
 Your dexterity was 9 (limit:18).
 Your constitution was 16 (limit:18).
 Your intelligence was 14 (limit:18).
 Your wisdom was 18 (limit:18).
 Your charisma was 9 (limit:18).

Final Status:
 You weren't hungry.
 You were unencumbered.
 You were wielding a whip.
 You were skilled in whip.

Final Attributes:
 You were piously aligned.
 You were level-drain resistant.
 You had automatic searching.
 You were stealthy.
 You are dead.

Miscellaneous:
 You didn't encounter any bones levels.
 Total elapsed playing time was 26 minutes and 35 seconds.

Major events:
 Turn
    1: LDaviesPeters the neutral female human Archeologist entered the dungeon
  437: attained the rank of Field Worker (level 3)
  599: entered the Gnomish Mines
 2515: killed by a kobold mummy, while frozen by a floating eye's gaze

You didn't know any spells.

Skills:
 Fighting Skills
   bare handed combat [Unskilled]
   two weapon combat  [Unskilled]
   riding             [Unskilled]
 Weapon Skills
   dagger             [Unskilled]
   knife              [Unskilled]
   pick-axe           [Basic]
   short sword        [Unskilled]
   saber              [Unskilled]
   club               [Unskilled]
   quarterstaff       [Unskilled]
   sling              [Unskilled]
   dart               [Unskilled]
   boomerang          [Unskilled]
   whip               [Skilled]
   unicorn horn       [Unskilled]
 Spellcasting Skills
   attack spells      [Unskilled]
   healing spells     [Unskilled]
   divination spells  [Unskilled]
   matter spells      [Unskilled]

Voluntary challenges:
 Character rerolling was not enabled.
 You were an atheist.
 You never genocided any monsters.
 You never polymorphed an object.
 You never changed form.
 You used no wishes.
Achievements:
 You attained the rank of Field Worker.
 You entered the Gnomish Mines.
 You entered a shop.

 The Dungeons of Doom: levels 1 to 5
    Level 1:
    Level 2:
       A fountain, a sink.
       Stairs down to The Gnomish Mines.
    Level 3:
       A general store, a fountain.
    Level 4: <- You were here.
       A grave.
       Final resting place for
          you, killed by a kobold mummy, while frozen by a floating eye's gaze.
    Level 5:
 The Gnomish Mines:
    Level 3:


Vanquished creatures:
  a rock piercer
  a rock mole
  a floating eye
  a homunculus
  2 kobold leaders
  a giant bat
  2 dwarf zombies
  5 iguanas
  a red mold
  2 gnomes
  2 garter snakes
  a gecko
  4 jackals
  a fox
  6 goblins
  a grid bug
  6 lichens
  5 newts
43 creatures vanquished.

No species were genocided or became extinct.

Game over:
                       ----------
                      /          \
                     /    REST    \
                    /      IN      \
                   /     PEACE      \
                  /                  \
                  |  LDaviesPeters   |
                  |      201 Au      |
                  |   killed by a    |
                  |   kobold mummy   |
                  |                  |
                  |                  |
                  |       2026       |
                 *|     *  *  *      | *
        _________)/\\_//(\/(/\)/\//\/|_)_______

Goodbye LDaviesPeters the Archeologist...

You died in The Dungeons of Doom on dungeon level 4 with 1103 points,
and 201 pieces of gold, after 2515 moves.
You were level 5 with a maximum of 44 hit points when you died.

